 Dungeon Crawl Stone Soup version 0.29.0-4-gdea44cf6ec (webtiles) character file.

Game seed: 11673359636349007053

464 qw the Chopper (level 6, -1/53 HPs)
             Began as a Minotaur Fighter on Sept 5, 2022.
             Was an Initiate of Ru.
             Shot with an arrow by a centaur (5 damage)
             ... on level 5 of the Dungeon.
             The game lasted 00:01:35 (4327 turns).

qw the Chopper (Minotaur Fighter)                   Turns: 4327, Time: 00:01:36

Health: -1/53      AC: 12    Str: 22    XL:     6   Next: 80%
Magic:  5/5        EV:  6    Int:  5    God:    Ru [......]
Gold:   142        SH:  4    Dex: 10    Spells: 5/5 levels left

rFire   . . .      SeeInvis +   Y - +0 broad axe
rCold   . . .      Faith    .   c - +0 buckler
rNeg    . . .      Spirit   .   k - +0 plate armour
rPois   +          Reflect  .   (helmet restricted)
rElec   .          Harm     .   (no cloak)
rCorr   .          Rampage  .   i - +0 pair of gloves
Will    .....                   (no boots)
Stlth   ..........              (no amulet)
HPRegen 0.17/turn               f - ring of poison resistance
MPRegen 0.09/turn               e - ring of see invisible

@: no status effects
A: horns 2, retaliatory headbutt
a: Renounce Religion


You were on level 5 of the Dungeon.
You worshipped Ru.
Ru was noncommittal.
You visited 2 branches of the dungeon, and saw 6 of its levels.

You collected 182 gold pieces.
You spent 40 gold pieces at shops.


Innate Abilities, Weirdness & Mutations

You have a pair of horns on your head.
You reflexively headbutt those who attack you in melee.


   Skills:
 - Level 4.5 Fighting
 + Level 7.8 Axes
 - Level 2.0 Throwing
 - Level 3.6 Armour
 - Level 1.0 Dodging
 - Level 3.6 Shields


You had 5 spell levels left.
You didn't know any spells.
Your spell library was empty.

Inventory:

Hand Weapons
 a - a +0 hand axe of flaming
 Y - a +0 broad axe (weapon)
Armour
 c - a +0 buckler (worn)
 i - a +0 pair of gloves (worn)
 j - the +8 chain mail "Kist" {Harm}
   (You found it on level 3 of the Dungeon)

   Harm:      It increases damage dealt and taken.
 k - a +0 plate armour (worn)
Jewellery
 e - a ring of see invisible (right hand)
 f - a ring of poison resistance (left hand)
Scrolls
 b - 2 scrolls of identify
 m - a scroll of teleportation
Potions
 d - a potion of might
 h - a potion of haste

Dungeon Overview and Level Annotations

Branches:
Dungeon (5/15)             Temple (1/1) D:4

Altars:
Dithmenos
Kikubaaqudgha
Ru
Vehumet
Wu Jian
Xom

Shops:
D:4 :[=(?


Message History

There is a stone staircase leading up here.
4228 ||| STAIRDANCE You climb upwards.
There is a stone staircase leading down here.
You start resting.
HP restored.
Done exploring.
(D) Dungeon (T) Temple
Where to? (* - list waypoints, Enter - D:5, ? - help)
What level of the Dungeon? (default 1, ? - help)
You climb downwards.
There is a stone staircase leading up here.
The centaur shoots an arrow.
The arrow closely misses you.
Found 5 stones.
The centaur shoots an arrow.
The arrow barely misses you.
The centaur shoots an arrow.
You block the arrow.
The centaur shoots an arrow.
The arrow hits you but does no damage.
The centaur shoots an arrow.
The arrow hits you!
4319 ||| FLEEEEING.
The centaur shoots an arrow.
The arrow hits you!
4320 ||| FLEEEEING.
The centaur shoots an arrow.
The arrow hits you.
The centaur shoots an arrow.
The arrow hits you.
4321 ||| FLEEEEING.
The centaur shoots an arrow.
The arrow hits you but does no damage.
4322 ||| FLEEEEING.
The centaur shoots an arrow.
The arrow hits you.
The centaur shoots an arrow.
The arrow hits you.
4323 ||| FLEEEEING.
4324 ||| FLEEEEING.
The centaur shoots an arrow.
The arrow hits you!
The centaur shoots an arrow.
The arrow hits you but does no damage.
4325 ||| FLEEEEING.
The centaur shoots an arrow.
The arrow hits you.
4326 ||| FLEEEEING.
The centaur shoots an arrow.
The arrow hits you!
The centaur shoots an arrow.
The arrow hits you!
There is a stone staircase leading up, spattered with blood here.
4327 ||| STAIRDANCE The centaur shoots an arrow.
The arrow hits you.
You die...

...(......#
.####~~...###
.P...c~.....#
.####~~...#....
##......# #..
#.......# .
#.#....##
#.###### #@#
#.# #.# #.# ...
###


You could see a centaur.

Vanquished Creatures
  A phantom (D:4)
  2 scorpions (D:4)
  A crimson imp (D:4)
  A hound (D:4)
  A jelly (D:4)
  2 iguanas (D:4)
  An orc wizard (D:4)
  An adder (D:2)
  A shadow imp (D:5)
  A white imp (D:4)
  A worm (D:4)
  6 dart slugs
  5 orcs
  9 ball pythons
  7 endoplasms
  4 giant cockroaches
  3 goblins
  5 hobgoblins
  2 jackals (D:3)
  4 quokkas
  5 bats
  6 frilled lizards
  10 kobolds
  8 rats
87 creatures vanquished.

Vanquished Creatures (others)
  9 plants (D:4)
9 creatures vanquished.

Grand Total: 96 creatures vanquished

Notes
Turn   | Place    | Note
-------+----------+-------------------------------------------
     0 | D:1      | qw the Minotaur Fighter began the quest for the Orb.
     0 | D:1      | Reached XP level 1. HP: 19/19 MP: 0/0
     0 | D:1      | 0 ||| qw: Version: 0.1-a-104-g96f76f8
     0 | D:1      | 0 ||| qw: Game counter: 5950
     0 | D:1      | 0 ||| qw: Always use a shield: true
     0 | D:1      | 0 ||| qw: God list: Ru
     0 | D:1      | 0 ||| qw: Allow faded altars: false
     0 | D:1      | 0 ||| qw: Do Orc after D:15 true
     0 | D:1      | 0 ||| qw: Do second Lair branch before Depths: true
     0 | D:1      | 0 ||| qw: Lair rune preference: random
     0 | D:1      | 0 ||| qw: Plans: Normal
     0 | D:1      | 0 ||| PLANNING D:1-11
   153 | D:1      | Reached skill level 3 in Axes
   230 | D:1      | Found a faded altar of an unknown god.
   294 | D:1      | 294 ||| Stepping ~*~*~tactically~*~*~ (hiding).
   303 | D:1      | Reached XP level 2. HP: 26/26 MP: 1/1
   932 | D:1      | 932 ||| Stepping ~*~*~tactically~*~*~ (hiding).
  1225 | D:1      | Reached skill level 4 in Axes
  1311 | D:1      | 1311 ||| UPGRADING to +0 chain mail.
  1321 | D:1      | 1321 ||| DROPPING +0 scale mail.
  1322 | D:1      | 1322 ||| UPGRADING to +0 pair of gloves.
  1327 | D:1      | 1327 ||| READING 2 scrolls labelled ZYULEXK LUYR.
  1428 | D:1      | 1428 ||| READING scroll labelled JUENIEDD TUDGH.
  1429 | D:1      | 1429 ||| DROPPING scroll of silence.
  1430 | D:1      | 1430 ||| Stepping randomly (stuck).
  1431 | D:1      | 1431 ||| Stepping ~*~*~tactically~*~*~ (cloud).
  1788 | D:2      | 1788 ||| Stepping ~*~*~tactically~*~*~ (stealth).
  1789 | D:2      | 1789 ||| Stepping ~*~*~tactically~*~*~ (stealth).
  1792 | D:2      | Reached XP level 3. HP: 31/31 MP: 2/2
  1805 | D:2      | You fall into a shaft and drop 2 floors!
  1833 | D:4      | Reached skill level 5 in Axes
  1861 | D:4      | Reached XP level 4. HP: 21/39 MP: 3/3
  1866 | D:4      | Reached skill level 1 in Dodging
  1869 | D:4      | 1869 ||| Stepping ~*~*~tactically~*~*~ (stealth).
  1870 | D:4      | 1870 ||| Stepping ~*~*~tactically~*~*~ (stealth).
  1878 | D:4      | 1878 ||| Stepping ~*~*~tactically~*~*~ (stealth).
  1879 | D:4      | 1879 ||| Stepping ~*~*~tactically~*~*~ (stealth).
  1881 | D:4      | 1881 ||| Stepping ~*~*~tactically~*~*~ (stealth).
  1883 | D:4      | 1883 ||| Stepping ~*~*~tactically~*~*~ (stealth).
  1884 | D:4      | 1884 ||| Stepping ~*~*~tactically~*~*~ (stealth).
  1885 | D:4      | 1885 ||| Stepping ~*~*~tactically~*~*~ (stealth).
  1886 | D:4      | 1886 ||| Stepping ~*~*~tactically~*~*~ (stealth).
  1887 | D:4      | 1887 ||| Stepping ~*~*~tactically~*~*~ (stealth).
  2115 | D:4      | Reached skill level 6 in Axes
  2118 | D:4      | Noticed a scorpion
  2125 | D:4      | Killed a scorpion
  2126 | D:4      | Reached XP level 5. HP: 45/45 MP: 4/4
  2128 | D:4      | Found an ancient bone altar of Kikubaaqudgha.
  2140 | D:4      | Reached skill level 7 in Axes
  2169 | D:4      | Found Vokk's Magic Scroll Boutique.
  2174 | D:4      | Reached XP level 6. HP: 51/51 MP: 5/5
  2222 | D:4      | 2222 ||| BUYING scroll of identify (20 gold).
  2222 | D:4      | Bought a scroll of identify for 20 gold pieces
  2222 | D:4      | 2222 ||| BUYING scroll of identify (20 gold).
  2222 | D:4      | Bought a scroll of identify for 20 gold pieces
  2222 | D:4      | 2222 ||| SHOPLISTING scroll of teleportation (30 gold, have
                  | 28).
  2258 | D:4      | 2258 ||| UPGRADING to ring of poison resistance.
  2259 | D:4      | 2259 ||| READING scroll labelled BAG POUGHUT.
  2260 | D:4      | 2260 ||| READING scroll labelled BIETSU WOTIUPH.
  2344 | D:3      | Identified the +8 chain mail "Kist" {Harm}
  2387 | D:3      | 2387 ||| UPGRADING to +0 plate armour.
  2397 | D:3      | 2397 ||| DROPPING +0 chain mail.
  2398 | D:3      | 2398 ||| READING scroll labelled MUULEKHYHA.
  2405 | D:3      | 2405 ||| READING 4 scrolls of identify.
  2405 | D:3      | 2405 ||| IDENTIFYING fizzy yellow potion
  2406 | D:3      | 2406 ||| DROPPING potion of degeneration.
  2470 | D:2      | 2470 ||| DROPPING +0 vampiric whip.
  2483 | D:2      | 2483 ||| SWAPPING to +0 broad axe.
  2484 | D:2      | 2484 ||| DROPPING +0 war axe.
  2508 | D:2      | 2508 ||| Stepping ~*~*~tactically~*~*~ (hiding).
  2927 | D:2      | 2927 ||| READING scroll labelled KOZU TIDEQERO.
  2928 | D:2      | 2928 ||| READING scroll labelled LACOOL PIFF.
  2929 | D:2      | 2929 ||| READING scroll labelled GIEKECW CALEJI.
  2930 | D:2      | 2930 ||| READING 3 scrolls of identify.
  2930 | D:2      | 2930 ||| IDENTIFYING yellow potion
  2949 | D:3      | 2949 ||| Stepping ~*~*~tactically~*~*~ (stealth).
  3060 | D:3      | 3060 ||| Stepping ~*~*~tactically~*~*~ (hiding).
  3308 | D:4      | Found Syschutz's Jewellery Emporium.
  3320 | D:4      | Found Zivuk's Antique Armour Shoppe.
  3322 | D:4      | 3322 ||| Stepping ~*~*~tactically~*~*~ (stealth).
  3346 | D:4      | 3346 ||| SHOPLISTING +4 ring of evasion (468 gold, have
                  | 107).
  3346 | D:4      | 3346 ||| SHOPLISTING +4 ring of protection (468 gold, have
                  | 107).
  3346 | D:4      | 3346 ||| SHOPLISTING +6 ring of dexterity (468 gold, have
                  | 107).
  3346 | D:4      | 3346 ||| SHOPLISTING +6 ring of strength (468 gold, have
                  | 107).
  3346 | D:4      | 3346 ||| SHOPLISTING amulet of Gatt {Faith Dex+7} (802
                  | gold, have 107).
  3346 | D:4      | 3346 ||| SHOPLISTING amulet of reflection (390 gold, have
                  | 107).
  3346 | D:4      | 3346 ||| SHOPLISTING ring of positive energy (260 gold,
                  | have 107).
  3357 | D:4      | 3357 ||| SHOPLISTING distressingly furry cloak (199 gold,
                  | have 110).
  3357 | D:4      | 3357 ||| SHOPLISTING runed plate armour (546 gold, have
                  | 110).
  3359 | D:4      | Found Luczefus's Book Emporium.
  3376 | D:4      | Found Gigyrol's Weapon Shoppe.
  3751 | D:4      | 3751 ||| FLEEEEING.
  3752 | D:4      | 3752 ||| FLEEEEING.
  3753 | D:4      | 3753 ||| FLEEEEING.
  3754 | D:4      | 3754 ||| FLEEEEING.
  3755 | D:4      | 3755 ||| FLEEEEING.
  3761 | D:4      | 3761 ||| FLEEEEING.
  3763 | D:4      | 3763 ||| FLEEEEING.
  3765 | D:4      | 3765 ||| FLEEEEING.
  3766 | D:4      | 3766 ||| FLEEEEING.
  3769 | D:4      | 3769 ||| STAIRDANCE
  3874 | D:3      | 3874 ||| READING 3 scrolls of identify.
  3874 | D:3      | 3874 ||| IDENTIFYING dark potion
  3875 | D:3      | 3875 ||| DROPPING potion of invisibility.
  3948 | D:4      | Found a staircase to the Ecumenical Temple.
  3949 | D:4      | 3949 ||| PLANNING TEMPLE
  3949 | D:4      | 3949 ||| UPGRADING to ring of see invisible.
  3958 | Temple   | Entered the Ecumenical Temple
  4017 | Temple   | Became a worshipper of Ru the Awakened
  4023 | Temple   | 4023 ||| PLANNING D:1-11
  4112 | D:5      | Entered Level 5 of the Dungeon
  4224 | D:5      | 4224 ||| FLEEEEING.
  4225 | D:5      | 4225 ||| FLEEEEING.
  4226 | D:5      | 4226 ||| FLEEEEING.
  4227 | D:5      | 4227 ||| FLEEEEING.
  4228 | D:5      | 4228 ||| STAIRDANCE
  4319 | D:5      | 4319 ||| FLEEEEING.
  4320 | D:5      | 4320 ||| FLEEEEING.
  4321 | D:5      | 4321 ||| FLEEEEING.
  4322 | D:5      | 4322 ||| FLEEEEING.
  4323 | D:5      | 4323 ||| FLEEEEING.
  4324 | D:5      | 4324 ||| FLEEEEING.
  4325 | D:5      | 4325 ||| FLEEEEING.
  4326 | D:5      | 4326 ||| FLEEEEING.
  4326 | D:5      | HP: 4/53 [centaur/arrow (12)]
  4327 | D:5      | 4327 ||| STAIRDANCE
  4327 | D:5      | Shot with an arrow by a centaur

Levels and vault maps discovered:
D:1:      lightli_arrival_statue_moat, layout_basic,
          shapermc_ecumenical_altar_petra
D:2:      layout_basic
D:3:      minmay_diamond_boxcup, layout_rooms
D:4:      layout_rooms, mainiacjoe_overflow_catwalk,
          minmay_temple_entry_stoned_glass, serial_shops,
          nicolae_shop_hallway_plus, shop, kennysheep_mini, nicolae_shop_stone,
          nicolae_shop_crystal, serial_bayou, serial_bayou_pond_c,
          serial_bayou_pond_a, serial_bayou_lake_a, serial_bayou_pond_c,
          minmay_fire_ice_demons
D:5:      minmay_opposing_rooms, layout_loops_ring, nemelex_spade_bored_becter,
          amethyst_overflow_temple_binary, nicolae_overflow_crystal_walls,
          kb_lookout_dungeons_type, uniq_pikel, uniq_eustachio
Temple:   nicolae_temple_superstar

Skill      XL: |  1  2  3  4  5  6 |
---------------+-------------------+-----
Axes           | 3 4 5 6 7 |  7.8
Dodging        | 1 |  1.0
Throwing       | 2 |  2.0
Fighting       | 4 |  4.5
Armour         | |  3.6
Shields        | |  3.6

Action                   |  1- 3 |  4- 6 || total
-------------------------+-------+-------++-------
Melee: War axe           |    59 |    57 ||   116
       Headbutt          |     7 |    18 ||    25
       Broad axe         |       |    49 ||    49
Throw: Boomerang         |       |    31 ||    31
  Use: Scroll            |     2 |     9 ||    11
Armor: Scale mail        |    13 |       ||    13
       Chain mail        |     9 |    24 ||    33
       Plate armour      |       |    25 ||    25
Dodge: Dodged            |    16 |    33 ||    49
Block: Buckler           |    12 |    22 ||    34

Table legend:
 A = Non-vault XP
 B = Vault XP
 C = Vault XP percentage of total XP
 D = Non-vault monster count
 E = Vault monster count
 F = Vault count percentage of total count
                 A         B        C        D         E       F
            +---------+---------+-------+---------+---------+-------
      Total |     587 |      76 |  11.5 |      76 |      11 |  12.6
            +---------+---------+-------+---------+---------+-------
        D:1 |      31 |       0 |   0.0 |      19 |       0 |   0.0
        D:2 |      46 |       0 |   0.0 |      17 |       0 |   0.0
        D:3 |      28 |      18 |  39.1 |      16 |       9 |  36.0
        D:4 |     471 |      58 |  11.0 |      23 |       2 |   8.0
        D:5 |      11 |       0 |   0.0 |       1 |       0 |   0.0
            +---------+---------+-------+---------+---------+-------
